AoeStats
← [zWq]Ferdinand Von Lindemann

Black Forest

509727870Analyzed
4v4 RM · 5d ago on Sep 27, 2026· 11m 58s· 8 players
Game mode
Random Map
Map size
Large (8 player)
Population
200
Speed
Normal
Resources
Standard
Victory
Conquest
Starting age
Dark Age
Ending age
Imperial Age
RankedLock teamsTeams togetherTeam positionsShared explorationLock speedFull tech treeHidden civsTurbo modeCheats
Victory
Defeat
🇻🇳 Japanese · Vietnam
1539
+15
🇩🇴 Celts · Dominican Republic
1482
+17
🇦🇷 Persians · Argentina
1447
+19
1423
+20
🇧🇷 Saracens · Brazil
1586
-20
🇲🇽 Varangians · Mexico
1514
-18
🇫🇷 Bohemians · France
1510
-18
🇸🇮 Bengalis · Slovenia
1435
-15
CoterLee
11:02 Feudal Age
Eye
8:14 Loom
10:51 Feudal Age
Dark Horse
4:27 Loom
11:37 Feudal Age
Sorrateiro
0:52 Loom
12:23 Feudal Age
Skavio22
12:46 Feudal Age
This is Kawaii
0:45 Loom
12:23 Feudal Age
Malcolm Little
12:09 Feudal Age
[zWq]Ferdinand Von Lindemann
1:51 Loom
12:28 Feudal Age
Connection lost

Rejoining the realm…

Still unreachable

The connection could not be restored.

Session expired

The server has moved on; the page needs a fresh start.